 Dungeon Crawl Stone Soup version 0.28-a0-1387-g3a22ab9bdc (webtiles) character file.

Game seed: 12955229366242590639

18134 HallandMoats the Warmonger (level 12, 0/92 HPs)
             Began as a Demonspawn Fighter on Jan 2, 2022.
             Was a High Priest of Okawaru.
             Slain by a skeletal warrior (14 damage)
             ... on level 11 of the Dungeon.
             The game lasted 00:27:47 (13009 turns).

HallandMoats the Warmonger (Demonspawn Fighter)    Turns: 13009, Time: 00:27:47

Health: 0/92       AC: 33    Str: 19    XL:     12   Next: 25%
Magic:  22/22      EV: 15    Int: 13    God:    Okawaru [*****.]
Gold:   563        SH:  0    Dex: 23    Spells: 11/11 levels left

rFire   + . .      SeeInvis .   j - +4 short sword of Roanafac {vorpal, rF+ Dex+5}
rCold   . . .      Faith    .   E - orb {mayhem}
rNeg    . . .      Spirit   .   b - +6 shadow dragon scales of the Barnacle {Int+3 Dex+3 Stlth++++}
rPois   .          Reflect  .   (no helmet)
rElec   .          Harm     .   p - +0 cloak
rCorr   +          Rampage  .   i - +0 pair of gloves
Will    .....                   v - +0 pair of boots
Stlth   ++++......              x - amulet of the acrobat
HPRegen 0.25/turn               h - ring of resist corrosion
MPRegen 0.18/turn               z - +4 ring of protection

@: heroic, finesse-ful
A: ignite blood 1, powered by pain 1, sharp scales 3, weakness stinger 2
a: Renounce Religion, Heroism, Finesse, Duel


You were on level 11 of the Dungeon.
You worshipped Okawaru.
Okawaru was extremely pleased with you.
You visited 1 branch of the dungeon, and saw 11 of its levels.

You collected 743 gold pieces.
You spent 180 gold pieces at shops.

Inventory:

Hand Weapons
 j - the +4 short sword of Roanafac (weapon) {vorpal, rF+ Dex+5}
   (Okawaru gifted it to you on level 9 of the Dungeon)

   It inflicts extra damage upon your enemies.
   Dex:       It affects your dexterity (+5).
   rF:        It protects you from fire.
 H - the +8 battleaxe of Fucimop {vorpal, Contam +Blink rC+ Int+3}
   (You found it on level 6 of the Dungeon)

   It inflicts extra damage upon your enemies.
   Int:       It affects your intelligence (+3).
   rC:        It protects you from cold.
   +Blink:    It lets you blink.
   Contam:    It causes magical contamination when unequipped.
Missiles
 D - 2 throwing nets (quivered)
Armour
 b - the +6 shadow dragon scales of the Barnacle (worn) {Int+3 Dex+3 Stlth++++}
   (Okawaru gifted it to you on level 11 of the Dungeon)

   Int:       It affects your intelligence (+3).
   Dex:       It affects your dexterity (+3).
   Stlth:     It makes you much more stealthy.
 c - a +0 buckler
 i - a +0 pair of gloves (worn)
 p - a +0 cloak (worn)
 v - a +0 pair of boots (worn)
 E - an orb of mayhem (worn)
 F - a +0 troll leather armour
Jewellery
 h - a ring of resist corrosion (left hand)
 x - an amulet of the acrobat (around neck)
 z - a +4 ring of protection (right hand)
Wands
 d - a wand of digging (3)
 l - a wand of iceblast (27)
 K - a wand of paralysis (5)
 L - a wand of mindburst (5)
Scrolls
 f - 2 scrolls of identify
 g - 2 scrolls of noise {unknown}
 m - 5 scrolls of fog
 q - a scroll of silence {unknown}
 s - a scroll of teleportation {unknown}
 u - a scroll of magic mapping {unknown}
 w - 2 scrolls of amnesia {unknown}
 y - a scroll of immolation {unknown}
 A - 2 scrolls of fear {unknown}
 B - a scroll of blinking {unknown}
 C - a scroll of enchant weapon {unknown}
 G - 2 scrolls of enchant armour {unknown}
Potions
 a - a potion of ambrosia
 e - 6 potions of curing
 n - 2 potions of brilliance
 o - a potion of cancellation {unknown}
 r - a potion of mutation
 t - 2 potions of degeneration {unknown}
 I - 2 potions of resistance
 J - 3 potions of flight


   Skills:
 + Level 8.0(13.0) Fighting
 + Level 6.0(11.0) Short Blades
 + Level 6.9(11.9) Axes
 + Level 7.1(12.1) Armour
 + Level 6.5(11.5) Dodging
 + Level 7.2(12.2) Shields
 * Level 13.4 Invocations


You had 11 spell levels left.
You didn't know any spells.
Your spell library contained the following spells:

 Spells                   Type           Power      Damage    Failure   Level
 Static Discharge         Conj/Air       0%         N/A       97%         2
 Gell's Gravitas          Tloc           0%         N/A       99%         3
 Lesser Beckoning         Tloc           0%         N/A       99%         3
 Ozocubu's Armour         Ice            0%         N/A       99%         3
 Teleport Other           Tloc           0%         N/A       99%         3
 Fulminant Prism          Conj/Hex       0%         3d6       100%        4
 Iskenderun's Mystic Bla  Conj/Tloc      0%         2d3       100%        4
 Lee's Rapid Deconstruct  Erth           0%         3d5*      100%        5
 Lightning Bolt           Conj/Air       0%         1d11      100%        5
 Ozocubu's Refrigeration  Ice            0%         4d5       100%        7
 Borgnjor's Revivificati  Necr           0%         N/A       100%        8
 Maxwell's Capacitive Co  Air            0%         ∞         100%        8
 Necromutation            Tmut/Necr      0%         N/A       100%        8
 Death's Door             Necr           0%         N/A       100%        9


Dungeon Overview and Level Annotations

Branches:
Dungeon (11/15)            Temple (0/1) D:4            Lair (0/6) D:11
    Orc (0/2) D:11

Altars:
Dithmenos
Elyvilon
Fedhas
Hepliaklqana
Makhleb
Nemelex Xobeh
Okawaru
Qazlal
Ru
Wu Jian
Xom
The Shining One

Shops:
D:7 !

Portals:
Abyss: D:11

Annotations:
D:5 1 transporter
D:10 2 transporters
D:11 1 transporter, awesomeguy42's ghost, journeyman HuNe


Innate Abilities, Weirdness & Mutations

Your demonic aura sometimes causes spilled blood to erupt in flames.
You sometimes gain a little power by taking damage.
You are completely covered in razor-sharp scales. (AC +3, Slay +3)
You have a tail ending in a sharp stinger.


Message History

The toenail golem is lightly damaged.
You hit the toenail golem. You tail-slap the toenail golem.
The toenail golem is moderately damaged.
The toenail golem hits you but does no damage.
You hit the toenail golem but do no damage.
The toenail golem is moderately damaged.
You puncture the toenail golem!
The toenail golem is heavily damaged.
You hit the toenail golem.
Your tail-slap misses the toenail golem.
The toenail golem is severely damaged.
You hit the toenail golem but do no damage.
You tail-slap the toenail golem!
The toenail golem is almost destroyed.
You completely miss the toenail golem. You tail-slap the toenail golem.
The toenail golem is almost destroyed.
The toenail golem completely misses you.
You completely miss the toenail golem.
The toenail golem is almost destroyed.
You puncture the toenail golem!
You destroy the toenail golem!
Okawaru accepts your kill.
You closely miss the skeletal warrior.
You tail-slap the skeletal warrior, but do no damage.
The skeletal warrior is moderately damaged.
The skeletal warrior hits you but does no damage.
You blink.
The skeletal warrior completely misses you.
You hit the skeletal warrior.
The skeletal warrior is heavily damaged.
The large abomination hits you.
* * * LOW HITPOINT WARNING * * *
You closely miss the skeletal warrior.
The skeletal warrior is heavily damaged.
You puncture the skeletal warrior! You tail-slap the skeletal warrior.
The skeletal warrior is severely damaged.
The skeletal warrior hits you with a +2 hand axe of distortion.
* * * LOW HITPOINT WARNING * * *
Space warps horribly around you!
You die...

...............##.. ... ..##....
..............##:# ###. #.##.....
..............#N.# #.!. #.#......
..............##.##.####z.###....
...............# ..##©### ..##..#
...............##..#....##...#..#
..............##§#.###...##x##..#
..............#.#z.#.##..##.##..#
..............##@X....#..##.#....
...............####..##..##W#....
..................####....###...#
#..................##......©....#
....####.###.....................
....## #.##......................
#....###.........###.##..........
#..........#.....###....###......
.........####......###..# ##.....


You could see a skeletal warrior and a large abomination.

Vanquished Creatures
  Harold (D:8)
  A hydra (D:8)
  2 tengu warriors (D:9)
  5 two-headed ogres
  A cyclops (D:9)
  Maurice (D:11)
  2 toenail golems (D:11)
  Psyche (D:8)
  A komodo dragon (D:11)
  A tengu conjurer (D:8)
  A troll (D:6)
  Grinder (D:3)
  2 vampires
  4 shadows
  A wraith (D:11)
  2 wyverns
  5 yaks (D:9)
  A human (shapeshifter) (D:11)
  2 steam dragons
  A two-headed ogre zombie (D:11)
  Edmund (D:6)
  3 acid dragons (D:11)
  4 water moccasins
  Duvessa (D:7)
  6 orc warriors
  2 black bears (D:11)
  2 ice beasts
  4 ogres
  2 sky beasts
  2 hornet zombies
  6 centaurs
  A phantom (D:7)
  7 bullfrogs
  4 scorpions
  Dowan (D:7)
  A water moccasin skeleton (D:6)
  A troll zombie (D:11)
  7 killer bees
  3 wights (D:9)
  2 electric eels (D:8)
  A howler monkey (D:9)
  5 centaur zombies
  Crazy Yiuf (D:3)
  A bullfrog zombie (D:6)
  2 bullfrog skeletons
  3 hounds
  9 orc priests
  3 gnoll shamans
  A centaur skeleton (D:7)
  2 iguanas
  Natasha (thrice) (D:3)
  10 orc wizards
  A killer bee zombie (D:7)
  4 ogre zombies (D:11)
  A hound zombie (D:5)
  12 gnolls
  7 adders
  An ufetubus (D:5)
  An adder zombie (D:5)
  3 worms
  2 dart slugs (D:2)
  24 orcs
  3 bats
  4 endoplasms
  4 giant cockroaches (D:1)
  7 goblins
  4 hobgoblins
  7 jackals (D:3)
  3 quokkas
  5 ball pythons
  A frilled lizard (D:3)
  A goblin skeleton (D:11)
  2 goblin zombies (D:11)
  A hobgoblin skeleton (D:11)
  4 hobgoblin zombies (D:11)
  5 kobolds
  An orc skeleton (D:11)
  7 orc zombies (D:11)
  3 rats (D:3)
255 creatures vanquished.

Vanquished Creatures (collateral kills)
  A cyclops (D:9)
  A manticore (D:9)
  A black bear (D:11)
  A phantom (D:11)
  A centaur (D:9)
  A centaur zombie (D:9)
  2 ogre zombies (D:11)
  A gnoll (D:8)
  3 orcs
  A goblin skeleton (D:11)
  A goblin zombie (D:11)
  2 orc skeletons (D:11)
  5 orc zombies (D:11)
21 creatures vanquished.

Vanquished Creatures (others)
  A wyvern (D:9)
  An orc warrior (D:9)
  A gnoll shaman (D:8)
  An orc (D:8)
  39 fungi
  49 plants
92 creatures vanquished.

Grand Total: 368 creatures vanquished

Notes
Turn   | Place    | Note
-------+----------+-------------------------------------------
     0 | D:1      | HallandMoats the Demonspawn Fighter began the quest for the
                  | Orb.
     0 | D:1      | Reached XP level 1. HP: 18/18 MP: 1/1
   199 | D:1      | Found a faded altar of an unknown god.
   208 | D:1      | Prayed at the altar of an unknown god.
   208 | D:1      | Became a worshipper of Warmaster Okawaru
   208 | D:1      | Reached * piety under Okawaru
   213 | D:1      | Gained mutation: Your demonic aura sometimes causes spilled
                  | blood to erupt in flames. [demonic ancestry]
   213 | D:1      | Reached XP level 2. HP: 24/24 MP: 2/2
   927 | D:1      | Reached skill level 1 in Invocations
  1041 | D:2      | Gained mutation: You have a small tail. [demonic ancestry]
  1041 | D:2      | Reached XP level 3. HP: 25/29 MP: 3/3
  1746 | D:2      | Reached skill level 2 in Invocations
  1917 | D:3      | Gained mutation: You are partially covered in razor-sharp
                  | scales. (AC +1, Slay +1) [demonic ancestry]
  1917 | D:3      | Reached XP level 4. HP: 35/35 MP: 5/5
  1920 | D:3      | Noticed Grinder
  1929 | D:3      | Killed Grinder
  1929 | D:3      | Reached ** piety under Okawaru
  1930 | D:3      | Reached skill level 1 in Dodging
  1930 | D:3      | Reached skill level 3 in Invocations
  1930 | D:3      | Reached XP level 5. HP: 34/42 MP: 5/7
  2027 | D:3      | Noticed Natasha
  2032 | D:3      | Killed Natasha
  2148 | D:3      | Gained mutation: You are mostly covered in razor-sharp
                  | scales. (AC +2, Slay +2) [demonic ancestry]
  2148 | D:3      | Reached XP level 6. HP: 48/48 MP: 8/8
  2168 | D:3      | Noticed Natasha
  2183 | D:3      | Killed Natasha
  2368 | D:3      | Noticed Natasha
  2378 | D:3      | Killed Natasha
  2379 | D:3      | Reached skill level 4 in Invocations
  2559 | D:3      | Found a runed translucent door.
  2560 | D:3      | Noticed Crazy Yiuf
  2573 | D:3      | Killed Crazy Yiuf
  3024 | D:4      | Found a sacrificial altar of Ru.
  3083 | D:4      | Found a shimmering altar of Xom.
  3084 | D:4      | Found a hazy altar of Hepliaklqana.
  3085 | D:4      | Noticed a spectral ugly thing
  3149 | D:4      | Found a shadowy altar of Dithmenos.
  3586 | D:4      | Found a staircase to the Ecumenical Temple.
  3989 | D:5      | Entered Level 5 of the Dungeon
  4018 | D:5      | Reached XP level 7. HP: 43/54 MP: 10/10
  4140 | D:5      | Reached skill level 5 in Invocations
  4325 | D:5      | Found a sparkling altar of Nemelex Xobeh.
  4325 | D:5      | Found a transporter.
  4325 | D:5      | Noticed a komodo dragon
  4325 | D:5      | Noticed a two-headed ogre
  4421 | D:5      | Reached *** piety under Okawaru
  4470 | D:5      | Noticed a steam dragon
  4480 | D:5      | Killed a steam dragon
  4481 | D:5      | Reached skill level 1 in Short Blades
  4769 | D:5      | Noticed a wraith
  4879 | D:5      | Reached skill level 6 in Invocations
  4886 | D:5      | Gained mutation: You are completely covered in razor-sharp
                  | scales. (AC +3, Slay +3) [demonic ancestry]
  4886 | D:5      | Reached XP level 8. HP: 59/61 MP: 12/12
  4898 | D:5      | Found a stormy altar of Qazlal.
  5486 | D:6      | Reached skill level 7 in Invocations
  5488 | D:6      | Found a blossoming altar of Fedhas.
  5516 | D:6      | Reached **** piety under Okawaru
  5516 | D:6      | Received a gift from Okawaru
  5517 | D:6      | Reached skill level 5 in Fighting
  5830 | D:6      | Reached XP level 9. HP: 29/68 MP: 14/14
  6076 | D:6      | Noticed Edmund
  6102 | D:6      | Reached skill level 8 in Invocations
  6118 | D:6      | Killed Edmund
  6529 | D:6      | Noticed a troll
  6536 | D:6      | Killed a troll
  6537 | D:6      | Reached skill level 5 in Shields
  6809 | D:6      | Identified the +8 battleaxe of Fucimop {vorpal, Contam
                  | +Blink rC+ Int+3}
  6862 | D:7      | Reached skill level 5 in Armour
  7552 | D:7      | Noticed Duvessa
  7553 | D:7      | Noticed Dowan
  7574 | D:7      | Reached skill level 9 in Invocations
  7580 | D:7      | Killed Duvessa
  7581 | D:7      | Killed Dowan
  7883 | D:7      | Found Tasu's Distillery.
  7888 | D:7      | Bought a potion of flight for 45 gold pieces
  7888 | D:7      | Bought a potion of curing for 45 gold pieces
  7888 | D:7      | Bought a potion of curing for 45 gold pieces
  7888 | D:7      | Bought a potion of curing for 45 gold pieces
  8951 | D:8      | Identified the +6 trident "Hameg" {vorpal, rElec Str-5
                  | Int+7}
  9048 | D:8      | Noticed Psyche
  9068 | D:8      | Noticed Harold
  9091 | D:8      | Reached skill level 5 in Axes
  9091 | D:8      | Gained mutation: You sometimes gain a little power by
                  | taking damage. [demonic ancestry]
  9091 | D:8      | Reached XP level 10. HP: 35/76 MP: 10/17
  9098 | D:8      | Killed Psyche
  9111 | D:8      | Killed Harold
  9111 | D:8      | Reached ***** piety under Okawaru
  9112 | D:8      | Reached skill level 10 in Invocations
  9161 | D:8      | Noticed a four-headed hydra
  9175 | D:8      | Killed a four-headed hydra
  9311 | D:8      | Found an ornate altar of the Wu Jian Council.
  9865 | D:9      | Reached skill level 5 in Dodging
  9912 | D:9      | Identified the +4 short sword of Roanafac {vorpal, rF+
                  | Dex+5} (Okawaru gifted it to you on level 9 of the Dungeon)
  9912 | D:9      | Received a gift from Okawaru
  9920 | D:9      | Reached skill level 11 in Invocations
 10059 | D:9      | Noticed a two-headed ogre
 10059 | D:9      | Noticed a cyclops
 10061 | D:9      | Noticed a cyclops
 10091 | D:9      | Killed a two-headed ogre
 10092 | D:9      | Reached XP level 11. HP: 61/83 MP: 12/19
 10106 | D:9      | Noticed a tengu warrior
 10107 | D:9      | Noticed a tengu warrior
 10108 | D:9      | Reached skill level 5 in Short Blades
 10118 | D:9      | Killed a tengu warrior
 10121 | D:9      | Killed a tengu warrior
 10306 | D:9      | Reached skill level 12 in Invocations
 10722 | D:10     | Entered Level 10 of the Dungeon
 10732 | D:10     | Received a gift from Okawaru
 10843 | D:10     | Found a transporter.
 10861 | D:10     | Found a transporter.
 10908 | D:10     | Noticed a two-headed ogre
 10918 | D:10     | Killed a two-headed ogre
 11197 | D:10     | Noticed a deep elf knight
 11234 | D:10     | Found a burning altar of Makhleb.
 11721 | D:11     | Reached ****** piety under Okawaru
 11762 | D:11     | Found a staircase to the Lair.
 11793 | D:11     | Found a transporter.
 11902 | D:11     | Found a one-way gate to the infinite horrors of the Abyss.
 11902 | D:11     | Noticed awesomeguy42's ghost (journeyman HuNe)
 11903 | D:11     | Noticed a skeletal warrior
 11908 | D:11     | Noticed Maurice
 11923 | D:11     | Killed Maurice
 11936 | D:11     | Noticed a two-headed ogre
 11947 | D:11     | Killed a two-headed ogre
 11947 | D:11     | Identified the +6 shadow dragon scales of the Barnacle
                  | {Int+3 Dex+3 Stlth++++} (Okawaru gifted it to you on level
                  | 11 of the Dungeon)
 11947 | D:11     | Received a gift from Okawaru
 11992 | D:11     | Reached skill level 13 in Invocations
 11992 | D:11     | Gained mutation: You have a tail ending in a sharp stinger.
                  | [demonic ancestry]
 11992 | D:11     | Reached XP level 12. HP: 23/92 MP: 14/21
 12124 | D:11     | Found a transporter.
 12146 | D:11     | Noticed a two-headed ogre
 12154 | D:11     | Killed a two-headed ogre
 12180 | D:11     | Found a staircase to the Orcish Mines.
 12501 | D:11     | Noticed a two-headed ogre
 12508 | D:11     | Killed a two-headed ogre
 13009 | D:11     | Slain by a skeletal warrior

Illustrated notes

Levels and vault maps discovered:
D:1:      dpeg_arrival_round_c, layout_basic,
          shapermc_ecumenical_altar_mp_ritualfount
D:2:      layout_loops_cross
D:3:      layout_loops_ring, uniq_grinder, uniq_crazy_yiuf_cottage, uniq_natasha
D:4:      layout_basic, regret_index_temple_of_mockery,
          nicolae_tso_swordbearing_angel, nicolae_dithmenos_shadow_blocks,
          nicolae_ru_sacrificial_ziggurat, minmay_temple_entry_arrows
D:5:      layout_loops_ring, nicolae_overflow_hidden_temple,
          grunt_nemelex_the_gamble
D:6:      layout_loops_ring, nicolae_elyvilon_temple_path,
          fedhas_bush_and_centaur_altar, minmay_misc_feat_enclosed, minivault_5,
          uniq_edmund
D:7:      layout_rooms, serial_shops, kennysheep_little_box, uniq_duvessa
D:8:      layout_loops_ring, nicolae_wu_jian_wuxing_cycle,
          chequers_serial_rivers_small_b, serial_bayou_lagoon_a,
          minmay_shattered_shrine, uniq_harold, uniq_psyche
D:9:      minmay_bloctagon, layout_loops_cross
D:10:     gammafunk_wand_slinger, layout_basic, lightli_temple_of_fire
D:11:     layout_layer_cave, due_lair_maze_entry_diamond, zombieorc2_lemuel,
          gammafunk_ghost_abyssal_escape, grunt_ministairs_10,
          hangedman_decor_slide_cut, uniq_maurice

Skill      XL: |  1  2  3  4  5  6  7  8  9 10 11 12 |
---------------+-------------------------------------+-----
Axes           | 2 3 4 5 6 |  6.9
Invocations    | 1 2 3 4 6 7 9 11 13 | 13.4
Armour         | 3 4 5 6 7 |  7.1
Dodging        | 1 2 3 4 5 6 |  6.5
Shields        | 3 4 5 6 7 |  7.2
Fighting       | 4 5 6 7 8 |  8.0
Short Blades   | 1 2 3 4 5 6 |  6.0

Action                   |  1- 3 |  4- 6 |  7- 9 | 10-12 || total
-------------------------+-------+-------+-------+-------++-------
Melee: War axe           |    34 |       |       |       ||    34
       Dagger            |    67 |   106 |       |       ||   173
       Tailslap          |    17 |    27 |    73 |   130 ||   247
       Short sword       |       |    26 |   342 |   471 ||   839
Invok: Heroism           |       |     1 |     5 |     7 ||    13
       Finesse           |       |       |     1 |     4 ||     5
Evoke: Wand              |       |       |       |     1 ||     1
  Use: Potion            |       |     1 |     2 |     4 ||     7
       Scroll            |       |       |     5 |     3 ||     8
 Stab: Sleeping          |       |       |     1 |       ||     1
       Confused          |       |       |       |     1 ||     1
Armor: Scale mail        |    39 |    23 |   130 |       ||   192
       Troll leather arm |       |       |    17 |   198 ||   215
       Shadow dragon sca |       |       |       |    18 ||    18
Dodge: Dodged            |    29 |    35 |   229 |   448 ||   741
Block: Buckler           |     9 |    14 |    84 |       ||   107

Table legend: (Time is in decaauts)
 A = Elapsed time spent in this place.
 B = Non-inter-level travel time spent in this place.
 C = Inter-level travel time spent in this place.
 D = Time resting spent in this place.
 E = Time spent auto-exploring this place.
 F = Levels seen in this place.
 G = Mean time per level.
                   A        B        C        D        E       F      G
               +--------+--------+--------+--------+--------+-----+--------+
         Total |  12811 |  12326 |    485 |   2874 |   7086 |  11 | 1164.6 |
       Dungeon |  12811 |  12326 |    485 |   2874 |   7086 |  11 | 1164.6 |
               +--------+--------+--------+--------+--------+-----+--------+

Top non-repeatable levels by time:
     D:6: 1985 daAuts
     D:8: 1639 daAuts
    D:11: 1316 daAuts
     D:5: 1305 daAuts
     D:3: 1162 daAuts
     D:1: 1026 daAuts
     D:4: 965 daAuts
     D:7: 899 daAuts
    D:10: 878 daAuts
     D:9: 826 daAuts
     D:2: 807 daAuts
